 Dungeon Crawl Stone Soup version 0.28.0-62-gf88900778d (webtiles) character file.

Game seed: 1305696280358563254

9222 cbfl8 the Basher (level 11, -1/68 HPs)
             Began as a Gargoyle Berserker on July 6, 2023.
             Was an Elder of Trog.
             Slain by Fannar
             ... wielding a +0 quarterstaff of freezing
              (3 damage)
             ... on level 11 of the Dungeon.
             The game lasted 00:13:42 (13866 turns).

cbfl8 the Basher (Gargoyle Berserker)              Turns: 13866, Time: 00:13:42

Health: -1/68      AC: 28    Str: 20    XL:     11   Next: 43%
Magic:  11/11      EV: 12    Int: 12    God:    Trog [****..]
Gold:   150        SH:  4    Dex: 13    Spells: 10/10 levels left

rFire   . . .      SeeInvis .   c - +0 morningstar (freeze)
rCold   . . .      Faith    .   x - +0 buckler
rNeg    + . .      Spirit   .   d - +6 chain mail "Qunul" {Int+3}
rPois   ∞          Reflect  .   p - +0 helmet
rElec   +          Harm     .   (no cloak)
rCorr   .          Rampage  .   u - +0 pair of gloves
Will    +....                   (no boots)
Stlth   ..........              (no amulet)
HPRegen 0.21/turn               C - ring of willpower
MPRegen 0.12/turn               m - +4 ring of evasion

@: about to teleport, on berserk cooldown, slowed, very slow
A: sickness immunity, AC +8, negative energy resistance 1, electricity
resistance, torment resistance 1, petrification resistance
a: Renounce Religion, Berserk, Trog's Hand, Brothers in Arms


You were on level 11 of the Dungeon.
You worshipped Trog.
Trog was greatly pleased with you.
You visited 1 branch of the dungeon, and saw 11 of its levels.

You collected 441 gold pieces.
You spent 291 gold pieces at shops.

Inventory:

Hand Weapons
 c - a +0 morningstar of freezing (weapon)
Armour
 d - the +6 chain mail "Qunul" (worn) {Int+3}
   (You found it on level 2 of the Dungeon)

   Int:       It affects your intelligence (+3).
 p - a +0 helmet (worn)
 u - a +0 pair of gloves (worn)
 x - a +0 buckler (worn)
Jewellery
 b - a ring of resist corrosion
 m - a +4 ring of evasion (right hand)
 C - a ring of willpower (left hand)
Wands
 q - a wand of polymorph (7)
 w - a wand of flame (13) (quivered)
Scrolls
 a - 5 scrolls of teleportation
 e - 2 scrolls of enchant armour
 h - 2 scrolls of immolation
 i - 2 scrolls of holy word
 n - 2 scrolls of fog
 o - 3 scrolls of magic mapping
 r - a scroll of identify
 v - a scroll of noise
Potions
 f - 2 potions of lignification
 g - a potion of berserk rage
 j - a potion of resistance
 k - 4 potions of curing
 l - a potion of cancellation
 s - a potion of flight
 t - a potion of haste
 A - a potion of ambrosia
 B - a potion of mutation


   Skills:
 + Level 8.2 Fighting
 + Level 11.6 Maces & Flails
 + Level 9.3 Armour
 - Level 1.5 Dodging
 + Level 1.3 Stealth
 + Level 2.7 Shields
 * Level 7.0 Evocations


You had 10 spell levels left.
You didn't know any spells.
Your spell library was empty.

Dungeon Overview and Level Annotations

Branches:
Dungeon (11/15)            Temple (0/1) D:4            Lair (0/6) D:10
    Orc (0/2) D:11

Altars:
Dithmenos

Shops:
D:4 !   D:7 ?   D:8 =   D:11 ?

Annotations:
D:3 2 runed translucent doors, cbfl8's ghost, amateur MiFi
D:6 2 transporters, styxcanada's ghost, amateur SpBr
D:11 Fannar


Innate Abilities, Weirdness & Mutations

You are immune to sickness and miasma.
Your stone body is resilient. (AC +8)
You are immune to poison.
You resist negative energy. (rN+)
You are resistant to electric shocks. (rElec)
You are resistant to unholy torment.
You are immune to petrification.


Message History

Fannar is almost dead.
The wraith barely misses you.
Fannar points at you and mumbles some strange words.
The bolt of cold misses you.
The bolt of cold hits the ice beast.
The ice beast completely resists.
The ice beast hits you but does no damage.
The wraith hits you but does no damage.
You closely miss Fannar.
Fannar is almost dead.
Fannar barely misses you. You block the ice beast's attack.
The wraith hits you. The wraith drains your vigour!
You feel as though you will be slow longer.
Fannar hits you but does no damage.
The ice beast hits you but does no damage.
You miss Fannar.
Fannar is almost dead.
The wraith barely misses you. Fannar gestures at you while chanting.
The bolt of cold hits you!!
* * * LOW HITPOINT WARNING * * *
The bolt of cold hits the ice beast.
The ice beast completely resists.
The ice beast barely misses you. The wraith barely misses you.
You hit Fannar but do no damage.
Fannar is almost dead.
You block Fannar's attack. The ice beast barely misses you.
The wraith closely misses you.
Unknown command.
You puncture Fannar! You freeze Fannar.
Fannar is almost dead.
Fannar hits you with a +0 quarterstaff of freezing.
* * * LOW HITPOINT WARNING * * *
Fannar freezes you.
* * * LOW HITPOINT WARNING * * *
The ice beast hits you but does no damage.
The wraith closely misses you. The ice beast barely misses you.
Fannar barely misses you.
As you read the scroll of teleportation, it crumbles to dust.
You feel strangely unstable. The wraith hits you but does no damage.
Fannar hits you with a +0 quarterstaff of freezing.
You die...

###.##### #....#
#######'#####
##...........#
############............#
..........)#............#
.......))..#...........<.
.......))e...............
.......)@...#..........(.
.>.....Y.W.##.>.........#
#########'###...........#
.# ########'#### ## #..#
#.## ###### #######.####
.....### #..........#
.......# #..........#


You could see Fannar, a wraith and an ice beast (summoned).

Vanquished Creatures
  4 two-headed ogres
  Erica (D:9)
  Pikel (D:5)
  A komodo dragon (D:6)
  2 kobold demonologists
  A hornet (D:9)
  2 trolls
  A raiju (D:10)
  2 shadows
  2 wraiths
  4 yaks
  2 acid dragons
  A black bear (D:6)
  An orc warrior (D:8)
  A sky beast (D:7)
  A necrophage (D:5)
  4 centaurs
  An ogre (D:6)
  A phantom (D:3)
  A lemure (D:4)
  4 bullfrogs
  4 kobold brigands
  2 scorpions
  5 killer bees (D:7)
  3 wights (D:9)
  4 howler monkeys
  2 jellies
  3 centaur zombies
  4 orc priests
  2 hounds
  A bullfrog skeleton (D:5)
  2 centaur skeletons
  A gnoll shaman (D:8)
  5 iguanas
  3 orc wizards
  A hound skeleton (D:4)
  8 adders
  5 gnolls
  A shadow imp (D:8)
  An ufetubus (D:4)
  4 dart slugs
  15 orcs
  8 ball pythons
  3 bats
  7 endoplasms
  4 giant cockroaches
  13 goblins
  11 hobgoblins
  6 jackals
  4 quokkas
  3 frilled lizards
  11 kobolds
  7 rats
191 creatures vanquished.

Vanquished Creatures (others)
  A dart slug (D:3)
1 creature vanquished.

Grand Total: 192 creatures vanquished

Notes
Turn   | Place    | Note
-------+----------+-------------------------------------------
     0 | D:1      | cbfl8 the Gargoyle Berserker began the quest for the Orb.
     0 | D:1      | Reached XP level 1. HP: 14/14 MP: 1/1
   245 | D:1      | Reached XP level 2. HP: 16/19 MP: 2/2
   612 | D:1      | Reached skill level 1 in Evocations
   867 | D:1      | Reached XP level 3. HP: 21/24 MP: 3/3
  1418 | D:1      | Reached ** piety under Trog
  1723 | D:2      | Identified the +6 chain mail "Qunul" {Int+3}
  1804 | D:2      | Reached XP level 4. HP: 20/29 MP: 4/4
  2329 | D:2      | Identified the +1 ring mail "Xarach" {Dex+5}
  2344 | D:2      | Reached skill level 4 in Maces & Flails
  2700 | D:2      | Found a faded altar of an unknown god.
  2926 | D:3      | Found a runed translucent door.
  2930 | D:3      | Noticed a bullfrog
  2931 | D:3      | Noticed cbfl8's ghost (amateur MiFi)
  2965 | D:3      | Reached XP level 5. HP: 33/33 MP: 5/5
  2970 | D:3      | Noticed a phantom
  2982 | D:3      | Killed a phantom
  2982 | D:3      | Reached *** piety under Trog
  3440 | D:3      | Reached XP level 6. HP: 38/39 MP: 6/6
  3536 | D:3      | Found a runed translucent door.
  3819 | D:4      | Found a staircase to the Ecumenical Temple.
  3838 | D:4      | Reached skill level 5 in Maces & Flails
  4596 | D:4      | Reached XP level 7. HP: 44/44 MP: 7/7
  4831 | D:4      | Found Rauduleo's Distillery.
  5082 | D:4      | Bought a potion of curing for 42 gold pieces
  5128 | D:5      | Entered Level 5 of the Dungeon
  5133 | D:5      | Noticed Pikel
  5304 | D:5      | Reached skill level 6 in Maces & Flails
  5361 | D:5      | Found a shadowy altar of Dithmenos.
  5716 | D:5      | Reached skill level 5 in Fighting
  5734 | D:5      | Reached **** piety under Trog
  5775 | D:5      | Killed Pikel
  5776 | D:5      | Reached skill level 7 in Maces & Flails
  5776 | D:5      | Reached skill level 5 in Armour
  5776 | D:5      | Reached XP level 8. HP: 50/50 MP: 8/8
  6266 | D:6      | Found a transporter.
  6318 | D:6      | Identified the +6 giant club of War {speed, Fragile Int+7}
  6318 | D:6      | Identified the +3 dire flail of Quttif {flame, Int+6}
  6318 | D:6      | Noticed a two-headed ogre
  6319 | D:6      | Noticed styxcanada's ghost (amateur SpBr)
  6697 | D:6      | Reached skill level 8 in Maces & Flails
  6790 | D:6      | Noticed a komodo dragon
  6801 | D:6      | Killed a komodo dragon
  6802 | D:6      | Reached XP level 9. HP: 18/55 MP: 9/9
  7223 | D:6      | Found a transporter.
  7665 | D:7      | Found Ihoread's Magic Scroll Shop.
  7684 | D:7      | Bought 3 scrolls of identify for 72 gold pieces
  7684 | D:7      | Bought a scroll of teleportation for 36 gold pieces
  7684 | D:7      | Bought a scroll of identify for 24 gold pieces
  7808 | D:7      | Reached skill level 9 in Maces & Flails
  8318 | D:8      | Reached skill level 5 in Evocations
  9177 | D:8      | Found Cuarutoc's Jewellery Emporium.
  9522 | D:9      | Noticed a troll
  9535 | D:9      | Killed a troll
  9536 | D:9      | Reached XP level 10. HP: 32/63 MP: 10/10
  9867 | D:9      | Reached skill level 10 in Maces & Flails
  9874 | D:9      | Reached skill level 1 in Shields
  9979 | D:9      | Noticed a two-headed ogre
  9988 | D:9      | Killed a two-headed ogre
 10340 | D:9      | Noticed Erica
 10352 | D:9      | Killed Erica
 10639 | D:9      | Noticed a kobold demonologist
 10649 | D:9      | Killed a kobold demonologist
 10870 | D:10     | Entered Level 10 of the Dungeon
 10899 | D:10     | Found a staircase to the Lair.
 11764 | D:10     | Noticed a two-headed ogre
 11779 | D:10     | Killed a two-headed ogre
 11780 | D:10     | Reached skill level 11 in Maces & Flails
 11780 | D:10     | Reached skill level 1 in Stealth
 12184 | D:10     | Reached XP level 11. HP: 60/68 MP: 11/11
 12865 | D:11     | Found a staircase to the Orcish Mines.
 12916 | D:11     | Noticed a two-headed ogre
 12927 | D:11     | Killed a two-headed ogre
 13069 | D:11     | Found Quagits's Magic Scroll Shoppe.
 13074 | D:11     | Bought a scroll of teleportation for 39 gold pieces
 13074 | D:11     | Bought a scroll of identify for 26 gold pieces
 13074 | D:11     | Bought a scroll of identify for 26 gold pieces
 13074 | D:11     | Bought a scroll of identify for 26 gold pieces
 13131 | D:11     | Noticed a tengu warrior
 13135 | D:11     | Noticed a two-headed ogre
 13145 | D:11     | Killed a two-headed ogre
 13254 | D:11     | Noticed a rakshasa
 13254 | D:11     | Noticed a tengu warrior
 13254 | D:11     | Noticed a tengu warrior
 13255 | D:11     | Noticed a tengu warrior
 13255 | D:11     | Noticed an ice dragon
 13264 | D:11     | Noticed a manticore
 13280 | D:11     | Noticed a seven-headed hydra
 13304 | D:11     | Noticed Fannar
 13865 | D:11     | HP: 2/68 [Fannar/+0 quarterstaff of freezing (2)]
 13866 | D:11     | Slain by Fannar

Illustrated notes

Levels and vault maps discovered:
D:1:      saegor_arrival_under_anarchy, layout_basic
D:2:      cheibrodos_greedy_goblins, layout_basic,
          shapermc_ecumenical_altar_pompeii
D:3:      layout_basic, ebering_ghost_sewer_f, chequers_serial_rivers_micro_e,
          kennysheep_path_1
D:4:      layout_loops_ring, temple_fountains, serial_shops,
          nicolae_shop_waterfront, minmay_liquid_box
D:5:      layout_rooms, mainiacjoe_overflow_surrounded_room, uniq_pikel
D:6:      layout_basic, gammafunk_ghost_smash, corexii_corridor_pit,
          st_stairs_12
D:7:      layout_loops_ring, serial_shops, nicolae_shop_trees
D:8:      layout_basic, serial_shops, nicolae_shop_hallway_plus, minmay_holes,
          patterned_corridor
D:9:      layout_irregular_city, uniq_erica
D:10:     layout_roguey, lair_entry_dummy
D:11:     layout_roguey, minmay_orc_entry_temple_large, serial_shops,
          nicolae_shop_hallway_plus, minivault_12, uniq_fannar

Skill      XL: |  1  2  3  4  5  6  7  8  9 10 11 |
---------------+----------------------------------+-----
Evocations     | 1 2 3 4 5 6 7 |  7.0
Fighting       | 4 5 6 7 8 |  8.2
Maces & Flails | 4 5 7 8 9 11 | 11.6
Armour         | 3 5 6 8 9 |  9.3
Shields        | 2 |  2.7
Stealth        | 1 |  1.3
Dodging        | |  1.5

Action                   |  1- 3 |  4- 6 |  7- 9 | 10-12 || total
-------------------------+-------+-------+-------+-------++-------
Melee: Mace              |   128 |   133 |       |       ||   261
       Punch             |     1 |     1 |     1 |       ||     3
       Flail             |       |    46 |       |       ||    46
       Morningstar       |       |     8 |   300 |   245 ||   553
Invok: Berserk           |       |       |     2 |     5 ||     7
       Trog's Hand       |       |       |       |     1 ||     1
Evoke: Wand              |       |       |       |     3 ||     3
  Use: Scroll            |     2 |     3 |    11 |    10 ||    26
       Potion            |     2 |     1 |       |     2 ||     5
Armor: Animal skin       |    28 |       |       |       ||    28
       Chain mail        |    71 |   174 |   285 |   218 ||   748
       Skin              |       |       |     8 |       ||     8
Dodge: Dodged            |    81 |   111 |   171 |   158 ||   521
Block: Buckler           |       |       |    22 |    65 ||    87
